 Dungeon Crawl Stone Soup version 0.19.1-1-g22dce08 (webtiles) character file.

98411 McKennaii the Eclecticist (level 15, 0/94 HPs)
             Began as a High Elf Air Elementalist on Jan 9, 2017.
             Was a High Priest of Sif Muna.
             Slain by a jumping spider (7 damage)
             ... on level 1 of the Spider Nest.
             The game lasted 04:46:52 (35384 turns).

McKennaii the Eclecticist (HEAE)                   Turns: 35384, Time: 04:46:53

Health: 0/94       AC: -10   Str: 10      XL:     15   Next: 74%
Magic:  7/37       EV: 16    Int: 33 (35) God:    Sif Muna [*****.]
Gold:   1925       SH:  6    Dex: 17      Spells: 12 memorised, 4 levels left

rFire  + . .     SeeInvis +       - Unarmed
rCold  . . .     Gourm    .     C - +4 troll leather armour
rNeg   . . .     Faith    .     s - +2 buckler {reflect}
rPois  +         Spirit   .     S - +2 helmet {SInv}
rElec  .         Reflect  +     I - +2 cloak
rCorr  .         Harm     +     E - +2 pair of gloves {Str+3}
MR     +....                    a - +2 pair of boots {Fly}
Stlth  +++.......               l - amulet of Jealousy {Harm *Drain Int+5}
                                Q - ring of wizardry
                                J - +4 ring of intelligence

@: lethally poisoned (0 -> 0), corroded
A: talons 1, fire resistance 1, poison resistance
a: Divine Energy, Channel Magic, Forget Spell, Renounce Religion, Evoke Flight


You were on level 1 of the Spider Nest.
You worshipped Sif Muna.
Sif Muna was extremely pleased with you.
You were not hungry.

You visited 7 branches of the dungeon, and saw 28 of its levels.
You also visited: Labyrinth.

You collected 2656 gold pieces.
You spent 731 gold pieces at shops.

Inventory:

Hand Weapons
 A - a +6 scimitar of flaming
 G - the +7 sceptre of Torment
   (You found it in a labyrinth)
Armour
 a - a +2 pair of boots of flying (worn)
 s - a +2 buckler of reflection (worn)
 C - a +4 troll leather armour (worn)
 E - a +2 pair of gloves of strength (worn)
 I - a +2 cloak (worn)
 S - a +2 helmet of see invisible (worn)
Jewellery
 l - the amulet of Jealousy (around neck) {Harm *Drain Int+5}
   (You acquired it on level 11 of the Dungeon)

   [amulet of harm]

   It increases damage dealt and taken.
   It affects your intelligence (+5).
   It causes draining when unequipped.
 D - an uncursed ring of fire
 J - a +4 ring of intelligence (left hand)
 Q - a ring of wizardry (right hand)
Wands
 i - a wand of enslavement (4/24)
 k - a wand of flame (28/48)
 m - a wand of flame (27/48)
 p - a wand of paralysis (23/24)
 q - a wand of random effects (24/48)
 r - a wand of iceblast (10/15)
 t - a wand of slowing (23/48)
 y - a wand of digging (4/24)
 H - a wand of polymorph (14/24)
 U - a wand of iceblast (8/15)
 X - a wand of disintegration (12/24)
Scrolls
 b - 2 scrolls of summoning
 d - 2 scrolls of fear
 e - 5 scrolls of remove curse
 j - 8 scrolls of identify
 o - a scroll of recharging
 u - a scroll of holy word
 z - 4 scrolls of amnesia
 L - 5 scrolls of enchant armour
 V - 4 scrolls of magic mapping
 W - a scroll of fog
Potions
 n - 2 potions of haste
 v - 5 potions of curing
 F - 2 potions of flight
 K - 5 potions of brilliance
 R - a potion of berserk rage
 Y - 3 potions of might
Books
 g - a book of Summonings

   Spells                             Type                      Level
   a - Recall                         Summoning/Translocation      3
   b - Aura of Abjuration             Summoning                    5
   c - Summon Demon                   Summoning                    5
   d - Summon Forest                  Summoning/Translocation      5
   e - Summon Mana Viper              Hexes/Summoning              5
   f - Shadow Creatures               Summoning                    6
 h - Sif Muna's Papyrus of the Frostbite
   (Sif Muna gifted it to you on level 2 of the Orcish Mines)

   Spells                             Type                      Level
   a - Throw Frost                    Conjuration/Ice              2
   b - Freezing Cloud                 Conjuration/Ice/Air          6
 w - a book of Conjurations

   Spells                             Type                      Level
   a - Magic Dart                     Conjuration                  1
   b - Searing Ray                    Conjuration                  2
   c - Dazzling Spray                 Conjuration/Hexes            3
   d - Fulminant Prism                Conjuration/Hexes            4
   e - Iskenderun's Mystic Blast      Conjuration                  4
   f - Iskenderun's Battlesphere      Conjuration/Charms           5
 M - Sif Muna's Volume of Cloudy Summoning
   (Sif Muna gifted it to you on level 13 of the Dungeon)

   Spells                             Type                      Level
   a - Call Imp                       Summoning                    2
   b - Summon Demon                   Summoning                    5
   c - Conjure Ball Lightning         Conjuration/Air              6
   d - Tornado                        Air                          9
 N - a book of Dreams

   Spells                             Type                      Level
   a - Ensorcelled Hibernation        Hexes/Ice                    2
   b - Silence                        Hexes/Air                    5
   c - Darkness                       Hexes                        6
   d - Shadow Creatures               Summoning                    6
 Z - Sif Muna's Reference Book on Damaging Feathers
   (Sif Muna gifted it to you on level 6 of the Lair of Beasts)

   Spells                             Type                      Level
   a - Throw Icicle                   Conjuration/Ice              4
   b - Deflect Missiles               Charms/Air                   6
   c - Bolt of Cold                   Conjuration/Ice              6
   d - Fire Storm                     Conjuration/Fire             9
Miscellaneous
 B - a phantom mirror
 P - 2 boxes of beasts
 T - a phial of floods
Comestibles
 c - 7 bread rations
 x - a beef jerky
 O - 4 meat rations


   Skills:
 + Level 5.7 Fighting
 + Level 7.1 Long Blades
 + Level 3.8 Armour
 + Level 7.8 Dodging
 + Level 5.5 Stealth
 + Level 1.4 Shields
 + Level 1.2 Unarmed Combat
 + Level 17.2 Spellcasting
 + Level 12.9 Conjurations
 + Level 3.1 Hexes
 + Level 0.2 Charms
 + Level 8.3 Summonings
 + Level 2.9 Ice Magic
 + Level 14.7 Air Magic


You had 4 spell levels left.
You knew the following spells:

 Your Spells              Type           Power        Failure   Level  Hunger
a - Shock                 Conj/Air       ####         0%          1    None
b - Swiftness             Chrm/Air       ######..     1%          2    None
c - Deflect Missiles      Chrm/Air       ######....   9%          6    None
d - Static Discharge      Conj/Air       #######.     1%          3    None
e - Lightning Bolt        Conj/Air       #######...   1%          5    None
f - Summon Lightning Spi  Summ/Air       #######.     1%          4    None
g - Summon Ice Beast      Ice/Summ       ######..     1%          4    None
h - Summon Guardian Gole  Hex/Summ       ######..     1%          3    None
i - Summon Demon          Summ           ######....   1%          5    None
j - Invisibility          Hex            #####...     67%         6    None
k - Tukima's Dance        Hex            #####...     1%          3    None
l - Ensorcelled Hibernat  Hex/Ice        #####.       1%          2    None


Dungeon Overview and Level Annotations

Branches:
Dungeon (15/15)            Temple (1/1) D:5            Lair (6/6) D:9
  Swamp (0/4) Lair:2       Spider (2/4) Lair:3        Slime (0/5) Lair:6
    Orc (2/2) D:11            Elf (1/3) Orc:2        Vaults (0/5) D:14
 Depths (1/5) D:15

Altars:
Ashenzari
Cheibriados
Dithmenos
Elyvilon
Fedhas
Gozag
Hepliaklqana
Kikubaaqudgha
Makhleb
Nemelex Xobeh
Okawaru
Qazlal
Ru
Sif Muna
Trog
Uskayaw
Vehumet
Xom
Yredelemnul
Zin
The Shining One
Beogh
Jiyva

Shops:
D:10 (=[   D:11 [   Orc:1 !   Orc:2 *([(

Annotations:
Depths:1 Sojobo


Innate Abilities, Weirdness & Mutations

You have sharp toenails.
Your flesh is heat resistant. (rF+)
Your system is resistant to poisons. (rPois)


Message History

* * * LOW HITPOINT WARNING * * *
Your orange demon stings the entropy weaver from afar.
You feel sick. The jumping spider pounces on you!
* * * LOW HITPOINT WARNING * * *
You are caught in a web!
The jumping spider bites you!
* * * LOW HITPOINT WARNING * * *
The entropy weaver throws a stone.
The stone hits your orange demon.
Your orange demon stings the entropy weaver from afar.
You climb upwards.
You feel sick.
There is a stone staircase leading down here.
You feel much better.
You feel sick. You block the jumping spider's attack.
The jumping spider bites you!
* * * LOW HITPOINT WARNING * * *
The jumping spider pounces on you!!
* * * LOW HITPOINT WARNING * * *
The jumping spider completely misses you.
You feel much better.
You feel sick. The jumping spider pounces on you!
* * * LOW HITPOINT WARNING * * *
The jumping spider bites you.
You die...

##..........#..#.............#
###.#...##...#....#...##....#
#..#...#..#?.#.#..#....#....#
####...#.#.......#...........##
#...........#.##...#...####..#.
###.......###......#..#..# #...##
#...#...#........#.......# ##..##
.#....##.^.#.#......#..^.####....
..#.#.#........#@..#...........##
.#.....#.#..#...s.#^^##......../.
...#....#....#......#......##....
.........#...#....#>...#...##....
#.#.....#.#....#.................
....#.#....^[.....#.........##..^
..#.......#...#.......#.....##...
.......##.......................)
....#.........#..#.....#^....##..


You could see a jumping spider.

Vanquished Creatures
  Nessos (Lair:4)
  The ghost of loom the Fighter, a journeyman MiBe of Trog (Lair:3)
  5 vault guards
  7 hydras
  2 ice dragons (D:15)
  A death knight (D:15)
  4 centaur warriors
  Sonja (D:12)
  6 hill giants
  3 orc knights
  Pikel (D:6)
  5 orb spiders (Spider:1)
  3 deep elf magi
  An ugly thing (D:11)
  6 wolf spiders
  3 slime creatures (D:13)
  3 elephants
  2 cyclopes
  A torpor snail (Spider:1)
  2 black mambas
  An ice statue (Spider:1)
  6 gargoyles
  A centaur skeleton (D:15)
  6 spiny frogs
  A rime drake (Lair:6)
  5 komodo dragons
  A kobold demonologist (D:14)
  A demonic crawler (Spider:1)
  The ghost of McKennaii the Gusty, a novice HEAE (D:5)
  A polar bear (Lair:3)
  10 trolls
  5 jumping spiders (Spider:1)
  A wind drake (shapeshifter) (D:15)
  4 blink frogs
  3 hornets (Lair:6)
  A minotaur skeleton (Lab)
  2 two-headed ogres
  9 hippogriffs
  A meliai zombie (D:14)
  A tarantella (Spider:1)
  A wyvern (Lair:3)
  2 basilisks
  39 yaks
  7 redbacks
  2 vampires
  9 spriggans (Lair:6)
  2 hogs
  9 hungry ghosts
  Menkaure (D:4)
  A vampire mosquito (D:15)
  Edmund (D:4)
  7 water moccasins
  5 wargs
  A soldier ant (D:13)
  6 porcupines
  3 ice beasts
  4 slaves (D:6)
  5 eyes of draining
  2 sky beasts (D:11)
  4 black bears
  31 orc warriors
  A phantom (D:14)
  3 necrophages
  20 wolves
  14 centaurs
  7 ogres
  9 crocodiles
  18 bullfrogs
  9 big kobolds
  A wyvern skeleton (D:9)
  3 scorpions
  3 wights (D:11)
  2 howler monkeys
  3 killer bees (D:10)
  7 crimson imps
  3 centaur zombies
  5 jellies
  A quasit (D:9)
  37 orc wizards
  2 bullfrog skeletons
  Crazy Yiuf (D:6)
  6 hounds
  29 orc priests
  5 worker ants
  7 iguanas
  3 hell rats (Lair:6)
  2 hound zombies
  A hound skeleton (D:6)
  2 worker ant zombies
  A gnoll (D:3)
  10 adders
  8 shadow imps
  4 oozes
  2 adder skeletons
  2 dart slugs
  3 leopard geckos
  92 orcs
  2 giant cockroaches
  4 goblins
  10 hobgoblins
  14 jackals
  4 quokkas
  A ball python (D:1)
  3 bats
  2 frilled lizards (D:2)
  50 kobolds
  2 leopard gecko skeletons
  10 rats
  A butterfly (Lair:1)
  3 fungi
  2 plants (Lab)
695 creatures vanquished.

Vanquished Creatures (collateral kills)
  Saint Roka (Orc:2)
  Aizul (Lair:3)
  Louise (Spider:2)
  A ghost moth (Spider:2)
  An entropy weaver (Spider:1)
  A minotaur (Lab)
  A hydra (Lair:6)
  3 vault guards (D:14)
  The ghost of loom the Thaumaturge, a journeyman DECj of Vehumet (Lair:3)
  A skeletal warrior (D:14)
  A glowing orange brain (shapeshifter) (D:15)
  The ghost of fatfloppyjuicyveiny the Grappler, a novice TrMo of Okawaru (D:7)
  2 hill giants (D:15)
  An orc knight (Orc:1)
  A deep elf mage (Elf:1)
  7 orb spiders
  9 wolf spiders
  5 ugly things
  A cyclops (D:15)
  3 orc sorcerers
  A moth of wrath (Spider:1)
  8 elephants
  A manticore (D:14)
  A torpor snail (Spider:2)
  A centaur zombie (D:14)
  A black mamba (Lair:6)
  A gargoyle (Lab)
  2 spiny frogs (Lair:3)
  A kobold demonologist (D:14)
  2 rime drakes (Lair:5)
  A komodo dragon (Lair:6)
  2 efreet
  4 demonic crawlers
  2 trolls
  3 polar bears (Lair:6)
  3 hornets
  6 jumping spiders (Spider:2)
  3 slime creatures (D:12)
  9 blink frogs
  A minotaur skeleton (Lab)
  2 hippogriffs
  4 tarantellas
  18 redbacks
  7 spriggans (Lair:6)
  2 wyverns
  12 yaks
  2 wraiths
  2 fire elementals
  5 hogs
  A human (D:7)
  3 vampire mosquitoes (D:15)
  A warg (Orc:2)
  3 water moccasins (Lair:6)
  14 orc warriors
  2 sky beasts (D:7)
  An eye of draining (D:14)
  2 black bears
  2 boggarts (Lair:6)
  4 ogres
  8 centaurs
  6 wolves
  A crocodile (Lair:5)
  2 big kobolds (D:14)
  A bullfrog (D:12)
  An earth elemental (D:10)
  A scorpion (D:11)
  3 electric eels (D:9)
  2 crimson imps (D:11)
  2 hounds (D:9)
  4 orc wizards
  6 orc priests
  2 hell rats (Lair:6)
  3 worker ants (D:14)
  An adder (D:12)
  An adder skeleton (D:8)
  29 orcs
  A ball python (D:8)
  A fungus (Lair:3)
  A plant (Lair:6)
259 creatures vanquished.

Vanquished Creatures (others)
  Kirke (Spider:1)
  An ugly thing (D:8)
  A troll (Orc:2)
  An air elemental (D:10)
  A vampire (D:15)
  A water elemental (D:10)
  3 humans (Spider:1)
  2 orc warriors
  An eye of draining (D:10)
  A scorpion (D:10)
  An orc wizard (Orc:1)
  An orc (Orc:1)
  4 fungi
  6 plants
25 creatures vanquished.

Grand Total: 979 creatures vanquished

Notes
Turn   | Place    | Note
-------+----------+-------------------------------------------
     0 | D:1      | McKennaii the High Elf Air Elementalist began the quest for the Orb.
     0 | D:1      | Reached XP level 1. HP: 11/11 MP: 4/4
   181 | D:1      | Reached XP level 2. HP: 16/17 MP: 1/6
   994 | D:2      | Reached skill level 3 in Spellcasting
   994 | D:2      | Reached XP level 3. HP: 9/21 MP: 0/8
  1064 | D:2      | Learned a level 2 spell: Swiftness
  1067 | D:2      | Learned a level 2 spell: Repel Missiles
  1563 | D:3      | Reached XP level 4. HP: 27/27 MP: 4/9
  1914 | D:3      | Noticed a big kobold
  1934 | D:3      | Killed a big kobold
  1934 | D:3      | Reached skill level 5 in Air Magic
  1934 | D:3      | Reached XP level 5. HP: 31/31 MP: 0/11
  2092 | D:3      | Reached skill level 4 in Spellcasting
  2186 | D:3      | Reached XP level 6. HP: 23/36 MP: 0/13
  2370 | D:3      | Reached skill level 1 in Unarmed Combat
  2370 | D:3      | Reached skill level 5 in Spellcasting
  2557 | D:3      | Reached XP level 7. HP: 41/41 MP: 9/16
  2784 | D:3      | Learned a level 3 spell: Static Discharge
  2790 | D:3      | Learned a level 5 spell: Lightning Bolt
  2809 | D:4      | Found an opulent altar of Gozag.
  2886 | D:4      | You fall through a shaft!
  2886 | D:5      | Entered Level 5 of the Dungeon
  2898 | D:5      | Reached skill level 6 in Spellcasting
  2921 | D:5      | Noticed a hippogriff
  3005 | D:5      | Found a hazy altar of Hepliaklqana.
  3015 | D:5      | Killed a hippogriff
  3015 | D:5      | Reached skill level 5 in Conjurations
  3015 | D:5      | Reached XP level 8. HP: 6/47 MP: 5/18
  3341 | D:4      | Reached skill level 7 in Spellcasting
  3393 | D:4      | Found an ancient bone altar of Kikubaaqudgha.
  3393 | D:4      | Noticed Menkaure
  3397 | D:4      | Killed Menkaure
  3406 | D:4      | Noticed Edmund
  3413 | D:4      | Killed Edmund
  3847 | D:5      | Noticed McKennaii's ghost (novice HEAE)
  3858 | D:5      | Killed McKennaii's ghost
  3858 | D:5      | Reached skill level 1 in Fighting
  3990 | D:5      | Found a sparkling altar of Nemelex Xobeh.
  4048 | D:5      | Found a staircase to the Ecumenical Temple.
  4104 | Temple   | Entered the Ecumenical Temple
  4184 | Temple   | Became a worshipper of Sif Muna the Loreminder
  4631 | D:6      | Found a sacrificial altar of Ru.
  4906 | D:6      | Reached skill level 8 in Spellcasting
  4977 | D:6      | Found a sparkling altar of Nemelex Xobeh.
  5178 | D:6      | Noticed Pikel
  5184 | D:6      | Killed Pikel
  5184 | D:6      | Reached XP level 9. HP: 44/53 MP: 16/22
  5266 | D:6      | Reached * piety under Sif Muna
  5276 | D:6      | Reached skill level 9 in Spellcasting
  5479 | D:6      | Found a runed door.
  5483 | D:6      | Noticed Crazy Yiuf
  5489 | D:6      | Killed Crazy Yiuf
  5890 | D:7      | Learned a level 4 spell: Summon Lightning Spire
  5895 | D:7      | Learned a level 4 spell: Summon Ice Beast
  5899 | D:7      | Learned a level 3 spell: Summon Guardian Golem
  5902 | D:7      | Learned a level 2 spell: Call Imp
  5986 | D:7      | Noticed fatfloppyjuicyveiny's ghost (novice TrMo)
  5996 | D:7      | Found an iron altar of Okawaru.
  6099 | D:7      | Killed fatfloppyjuicyveiny's ghost
  6224 | D:7      | Reached skill level 1 in Summonings
  6242 | D:7      | Reached skill level 1 in Long Blades
  6732 | D:7      | Found a shattered altar of Ashenzari.
  6774 | D:7      | Reached ** piety under Sif Muna
  6774 | D:7      | Reached XP level 10. HP: 58/58 MP: 19/24
  6778 | D:7      | Found a shattered altar of Ashenzari.
  7063 | D:7      | Reached skill level 10 in Spellcasting
  7112 | D:7      | Found a bloodstained altar of Trog.
  7561 | D:8      | Noticed a red ugly thing
  8072 | D:8      | Noticed a deep elf mage
  8118 | D:8      | Killed a red ugly thing
  8118 | D:8      | Reached skill level 1 in Hexes
  8461 | D:8      | Killed a deep elf mage
  8726 | D:9      | Reached *** piety under Sif Muna
  8839 | D:9      | Reached skill level 11 in Spellcasting
  9111 | D:9      | Reached skill level 10 in Air Magic
  9351 | D:10     | Entered Level 10 of the Dungeon
  9446 | D:10     | Noticed a hill giant
  9456 | D:10     | Killed a hill giant
  9456 | D:10     | Reached XP level 11. HP: 65/65 MP: 15/27
  9664 | D:10     | Learned a level 3 spell: Static Discharge
  9684 | D:10     | Found Oguydaez's Weapon Shoppe.
  9698 | D:10     | Found Pon Lek's Jewellery Shop.
  9859 | D:10     | Found a large runed door.
  9861 | D:10     | Found a large runed door.
  9926 | D:10     | Noticed a hill giant
  9969 | D:10     | Killed a hill giant
  9969 | D:10     | Reached **** piety under Sif Muna
 10065 | D:10     | Found Aqiec Icig's Armour Shop.
 10075 | D:10     | Bought a +2 robe of magic resistance for 265 gold pieces
 10075 | D:10     | Bought a +2 pair of boots of flying for 322 gold pieces
 10669 | D:11     | Found a staircase to the Orcish Mines.
 10669 | D:11     | Found Eraug's Armour Shoppe.
 10669 | D:11     | Noticed an orc knight
 11139 | D:11     | Killed an orc knight
 11139 | D:11     | Reached skill level 12 in Spellcasting
 11234 | D:11     | Reached skill level 5 in Dodging
 11288 | D:11     | Reached ***** piety under Sif Muna
 11305 | D:11     | Noticed a hill giant
 11449 | D:11     | Received a gift from Sif Muna
 11548 | D:11     | Killed a hill giant
 11870 | D:11     | Noticed a brown ugly thing
 12120 | D:11     | Noticed a cyan ugly thing
 12157 | D:11     | Killed a cyan ugly thing
 12227 | D:11     | Identified a scroll of acquirement
 12228 | D:11     | Got a slimy golden amulet
 12230 | D:11     | Identified the amulet of Jealousy {Harm *Drain Int+5} (You acquired it on level 11 of the Dungeon)
 12243 | D:11     | Learned a level 6 spell: Invisibility
 12245 | Orc:1    | Entered Level 1 of the Orcish Mines
 12245 | Orc:1    | Found Hozim's Distillery.
 12486 | D:11     | Reached skill level 1 in Armour
 12591 | Orc:1    | Noticed an orc sorcerer
 12610 | Orc:1    | Killed an orc sorcerer
 12839 | D:11     | Killed a brown ugly thing
 12839 | D:11     | Reached skill level 5 in Summonings
 12911 | Orc:1    | Bought a potion of might for 64 gold pieces
 12911 | Orc:1    | Bought a potion of brilliance for 64 gold pieces
 12911 | Orc:1    | Bought a potion of degeneration for 16 gold pieces
 13046 | Orc:1    | Reached XP level 12. HP: 47/73 MP: 13/29
 13108 | Orc:1    | Reached skill level 1 in Ice Magic
 13577 | Orc:2    | Entered Level 2 of the Orcish Mines
 13642 | Orc:2    | Found a roughly hewn altar of Beogh.
 13669 | Orc:2    | Found a roughly hewn altar of Beogh.
 13801 | Orc:2    | Found Hogad's Weapon Emporium.
 14206 | Orc:2    | Noticed Saint Roka
 14348 | Orc:1    | Reached skill level 13 in Spellcasting
 14373 | Orc:1    | Learned a level 3 spell: Tukima's Dance
 14376 | Orc:1    | Learned a level 2 spell: Ensorcelled Hibernation
 14886 | Orc:1    | Reached skill level 10 in Conjurations
 15297 | Orc:2    | Identified Sif Muna's Papyrus of the Frostbite (Sif Muna gifted it to you on level 2 of the Orcish Mines)
 15297 | Orc:2    | Received a gift from Sif Muna
 15336 | Orc:2    | Found a roughly hewn altar of Beogh.
 15376 | Orc:2    | Found a roughly hewn altar of Beogh.
 15488 | Orc:2    | Found a staircase to the Elven Halls.
 15653 | Orc:2    | Found a roughly hewn altar of Beogh.
 15700 | Orc:2    | Found a roughly hewn altar of Beogh.
 15700 | Orc:2    | Found Neehic's General Store.
 15782 | Orc:2    | Paralysed by an orc sorcerer for 3 turns
 15870 | Orc:2    | Found Zofud's Antique Weapon Shop.
 15871 | Orc:2    | Found a roughly hewn altar of Beogh.
 15873 | Orc:2    | Found Efadd's Antique Armour Boutique.
 16104 | Orc:2    | Paralysed by an orc sorcerer for 2 turns
 16962 | D:12     | Noticed Sonja
 17181 | D:12     | Noticed a four-headed hydra
 17201 | D:12     | Killed a four-headed hydra
 17296 | D:12     | Killed Sonja
 18128 | D:12     | Noticed a four-headed hydra
 18172 | D:12     | Killed a four-headed hydra
 18172 | D:12     | Reached skill level 14 in Spellcasting
 18436 | D:13     | Noticed a centaur warrior
 18579 | D:13     | Noticed a centaur warrior
 18583 | D:13     | Killed a centaur warrior
 18583 | D:13     | Identified Sif Muna's Volume of Cloudy Summoning (Sif Muna gifted it to you on level 13 of the Dungeon)
 18583 | D:13     | Received a gift from Sif Muna
 18583 | D:13     | Reached XP level 13. HP: 50/81 MP: 18/32
 19898 | D:14     | Found a gate to the Vaults.
 20325 | D:14     | Found a blossoming altar of Fedhas.
 20887 | D:15     | Entered Level 15 of the Dungeon
 21072 | D:15     | Received a gift from Sif Muna
 21083 | D:15     | Reached skill level 15 in Spellcasting
 21103 | D:15     | Found a staircase to the Depths.
 21787 | D:15     | Gained mutation: You have sharp toenails. [potion of mutation]
 21787 | D:15     | Gained mutation: Your flesh is heat resistant. (rF+) [potion of mutation]
 21787 | D:15     | Gained mutation: Your system is resistant to poisons. (rPois) [potion of mutation]
 22273 | D:15     | Reached XP level 14. HP: 86/86 MP: 25/34
 22768 | Orc:2    | Killed Saint Roka
 22864 | Orc:2    | Learned a level 5 spell: Summon Demon
 22898 | Elf:1    | Entered Level 1 of the Elven Halls
 23442 | Depths:1 | Entered Level 1 of the Depths
 23471 | Depths:1 | Noticed Sojobo
 23807 | D:9      | Found a staircase to the Lair.
 23983 | Lair:1   | Entered Level 1 of the Lair of Beasts
 24943 | Lair:2   | Found a staircase to the Swamp.
 25511 | Lair:3   | Reached skill level 5 in Long Blades
 25519 | Lair:3   | Received a gift from Sif Muna
 25826 | Lair:3   | Found a labyrinth entrance.
 25832 | Lab      | Entered a labyrinth
 28273 | Lab      | Identified a +4 rod of inaccuracy (9/9) (You found it in a labyrinth)
 28275 | Lab      | Identified a +4 rod of inaccuracy (13/13) (You found it in a labyrinth)
 28382 | Lair:3   | Noticed loom's ghost (journeyman MiBe)
 28393 | Lair:3   | Killed loom's ghost
 28393 | Lair:3   | Reached skill level 5 in Fighting
 28393 | Lair:3   | Reached skill level 16 in Spellcasting
 28468 | Lair:3   | Noticed loom's ghost (journeyman DECj)
 28487 | Lair:3   | Killed loom's ghost
 28487 | Lair:3   | Reached skill level 5 in Stealth
 29112 | Lair:3   | Found a hole to the Spider Nest.
 29502 | Lair:4   | Noticed Nessos
 29510 | Lair:4   | Killed Nessos
 30988 | Lair:6   | Entered Level 6 of the Lair of Beasts
 31220 | Lair:6   | Found a runed door.
 31220 | Lair:6   | Found a viscous altar of Jiyva.
 31272 | Lair:6   | Reached XP level 15. HP: 82/92 MP: 31/36
 31454 | Lair:6   | Found a staircase to the Slime Pits.
 31908 | Lair:6   | Identified Sif Muna's Reference Book on Damaging Feathers (Sif Muna gifted it to you on level 6 of the Lair of Beasts)
 31908 | Lair:6   | Received a gift from Sif Muna
 32941 | Spider:1 | Entered Level 1 of the Spider Nest
 33202 | Lair:3   | HP: 2/92 [wolf spider (4)]
 33642 | Spider:1 | Noticed Kirke
 33666 | Spider:1 | Killed Kirke
 33737 | Spider:1 | Reached skill level 1 in Shields
 33749 | Spider:1 | Noticed Aizul
 33919 | Lair:3   | Killed Aizul
 33974 | Lair:3   | Learned a level 6 spell: Deflect Missiles
 34084 | Spider:1 | Reached skill level 17 in Spellcasting
 34766 | Spider:2 | Noticed a ghost moth
 34770 | Spider:2 | Noticed Louise
 35335 | Spider:2 | Killed Louise
 35357 | Spider:2 | Killed a ghost moth
 35381 | Spider:2 | HP: 3/94 [jumping spider (9)]
 35384 | Spider:1 | Slain by a jumping spider

Skill      XL: |  1  2  3  4  5  6  7  8  9 10 11 12 13 14 15 |
---------------+----------------------------------------------+-----
Air Magic      | 4 5 6 8 9 10 11 12 13 14 | 14.7
Spellcasting   | 3 4 5 6 8 9 11 12 14 15 16 17 | 17.2
Conjurations   | 2 3 4 5 6 8 9 10 11 12 | 12.9
Unarmed Combat | 1 |  1.2
Dodging        | 3 4 5 6 7 |  7.8
Fighting       | 1 2 3 4 5 |  5.7
Stealth        | 3 4 5 |  5.5
Summonings     | 1 3 5 6 7 8 |  8.3
Long Blades    | 1 2 4 6 7 |  7.1
Hexes          | 1 2 3 |  3.1
Armour         | 1 2 3 |  3.8
Ice Magic      | 2 |  2.9
Shields        | 1 |  1.4
Charms         | |  0.2

Action                   |  1- 3 |  4- 6 |  7- 9 | 10-12 | 13-15 || total
-------------------------+-------+-------+-------+-------+-------++-------
Melee: Unarmed           |    30 |    15 |       |       |    59 ||   104
       Long sword        |       |       |    56 |   323 |    24 ||   403
       Punch             |       |       |     1 |     1 |     1 ||     3
       Scimitar          |       |       |       |       |   342 ||   342
 Cast: Shock             |    77 |   107 |   231 |   795 |   930 ||  2140
       Repel Missiles    |       |       |     1 |     1 |     2 ||     4
       Lightning Bolt    |       |       |     7 |    51 |    93 ||   151
       Call Imp          |       |       |    16 |   140 |    15 ||   171
       Summon Guardian G |       |       |    10 |    55 |     9 ||    74
       Summon Ice Beast  |       |       |       |    52 |    10 ||    62
       Swiftness         |       |       |       |     2 |     1 ||     3
       Summon Lightning  |       |       |       |    10 |    71 ||    81
       Ensorcelled Hiber |       |       |       |     1 |       ||     1
       Summon Demon      |       |       |       |       |    79 ||    79
       Deflect Missiles  |       |       |       |       |     1 ||     1
 Abil: Stop Flying       |       |       |       |     1 |     1 ||     2
       Evoke Flight      |       |       |       |       |     1 ||     1
Evoke: Rod               |       |       |       |       |     4 ||     4
       Wand              |       |       |       |       |     7 ||     7
  Use: Scroll            |       |       |     8 |    10 |    29 ||    47
       Potion            |       |       |       |     5 |    12 ||    17
 Stab: Sleeping          |       |       |       |     1 |       ||     1
       Distracted        |       |       |       |     5 |     5 ||    10
       Confused          |       |       |       |       |     2 ||     2
  Eat: Fruit             |     3 |       |       |     6 |    11 ||    20
       Bread ration      |       |     1 |     2 |     4 |     3 ||    10
       Pizza             |       |       |     2 |     7 |       ||     9
       Beef jerky        |       |       |     1 |     2 |     3 ||     6
       Chunk             |       |       |     1 |       |       ||     1
       Meat ration       |       |       |       |     1 |     5 ||     6
Armor: Robe              |    10 |     2 |    36 |    82 |       ||   130
       Troll leather arm |       |       |       |    93 |   447 ||   540
Dodge: Dodged            |    37 |    36 |    66 |   502 |   771 ||  1412
       Deflected         |       |       |     6 |    27 |    26 ||    59
Block: Buckler           |       |       |       |       |   127 ||   127
       Reflection        |       |       |       |       |     1 ||     1
       Rpst.: Long sword |       |       |    16 |   143 |     9 ||   168
       Scimitar          |       |       |       |       |   145 ||   145
